 Dungeon Crawl Stone Soup version 0.22-a0-469-gf26638a (webtiles) character file.

6000 pmoppi the Skirmisher (level 10, -2/80 HPs)
             Began as a Demonspawn Berserker on June 12, 2018.
             Was a Priest of Trog.
             Killed from afar by an electric eel (9 damage)
             ... with a bolt of electricity
             ... on level 9 of the Dungeon on June 13, 2018.
             The game lasted 00:23:12 (5422 turns).

pmoppi the Skirmisher (Demonspawn Berserker)        Turns: 5422, Time: 00:23:13

Health: -2/80      AC: 15    Str: 20    XL:     10   Next: 55%
Magic:  0/10       EV: 10    Int:  9    God:    Trog [***...]
Gold:   526        SH:  0    Dex: 13    Spells: 9/9 levels left

rFire    . . .     SeeInvis .   a - +1 falchion
rCold    . . .     Gourm    .   (no shield)
rNeg     . . .     Faith    .   j - +1 plate armour
rPois    .         Spirit   +   (helmet unavailable)
rElec    .         Reflect  .   e - scarf {Spirit}
rCorr    .         Harm     .   (no gloves)
MR       .....                  k - +0 pair of boots
Stlth    ..........             (no amulet)
HPRegen  0.23/turn              (no ring)
MPRegen  0.12/turn              (no ring)

@: no status effects
A: horns 3, spiny 1, magic shield, sturdy frame 1
a: Berserk, Trog's Hand, Renounce Religion


You were on level 9 of the Dungeon.
You worshipped Trog.
Trog was most pleased with you.
You were not hungry.

You visited 1 branch of the dungeon, and saw 9 of its levels.

You collected 526 gold pieces.

Inventory:

Hand Weapons
 a - a +1 falchion (weapon)
 g - a +2 war axe of chopping
Armour
 e - a scarf of spirit shield (worn)
 j - a +1 plate armour (worn)
 k - a +0 pair of boots (worn)
 o - a +0 ring mail
 r - a +0 shield
Jewellery
 A - an uncursed ring of ice {unknown}
Wands
 b - a wand of flame (20)
 f - a wand of random effects (56)
 p - a wand of iceblast (19)
 v - a wand of enslavement (16)
 y - a wand of acid (4)
Scrolls
 d - 4 scrolls of enchant weapon
 q - a scroll of enchant armour
 s - 9 scrolls of identify
 u - a scroll of fear {unknown}
Potions
 c - 2 potions of lignification {unknown}
 h - 9 potions of heal wounds {unknown}
 i - 4 potions of curing {unknown}
 l - 2 potions of might
 m - a potion of mutation {unknown}
 n - 3 potions of invisibility {unknown}
 w - 2 potions of flight {unknown}
 x - a potion of agility {unknown}
 B - a potion of ambrosia {unknown}
Comestibles
 t - 14 rations
 z - a chunk of flesh


   Skills:
 + Level 7.9 Fighting
 + Level 7.2 Long Blades
 + Level 6.9 Armour
 + Level 6.9 Dodging
 + Level 6.0 Shields


You had 9 spell levels left.
You didn't know any spells.
Your spell library was empty.

Dungeon Overview and Level Annotations

Branches:
Dungeon (9/15)             Temple (0/1) D:4            Lair (0/6) D:9
    Orc (0/2) D:9

Altars:
Ashenzari
Cheibriados
Dithmenos
Fedhas
Gozag
Kikubaaqudgha
Qazlal
Ru
Sif Muna
Trog
Wu Jian
Xom

Shops:
D:7 %


Innate Abilities, Weirdness & Mutations

You have a pair of large horns on your head.
You are partially covered in sharp spines.
When hurt, damage is shared between your health and your magic reserves.
Your movements are slightly less encumbered by armour. (ER -2)


Message History

A hound comes into view.
An adder skeleton comes into view.
The electric eel shoots out a bolt of lightning at you!
The bolt of electricity hits you! The wolf barely misses you.
You see here 14 gold pieces.
You now have 526 gold pieces (gained 14).
The wolf bites you but does no damage.
The electric eel shoots out a bolt of lightning at you!
The bolt of electricity hits you!
* * * LOW HITPOINT WARNING * * *
The electric eel shoots out a bolt of lightning at you!
The bolt of electricity hits you!
* * * LOW HITPOINT WARNING * * *
An ice beast comes into view.
The wolf bites you.
* * * LOW HITPOINT WARNING * * *
An ice beast comes into view.
The wolf stops to sniff the ground.
The electric eel shoots out a bolt of lightning at you!
The bolt of electricity hits you!
You die...

#<# #.......##.# #.#
#.......##.#
#####.###########.##(###
#.).......# #.......###
#.###.###.# #...>..<.>.
# #.# #.# #.........#
.##.###.### #.........#
..........# #.........#
...≈...@..# #.......###
Y≈.;..hh..# #.......#
≈≈≈≈.≈..≈.# ###.....#
≈≈≈.≈≈≈;≈.# #.....#
Y≈≈≈≈≈≈...# ≈≈hh≈≈≈.....
.≈Zhh≈h≈≈.###
≈...h≈≈≈... (.>.≈.≈≈≈...


You could see 2 ice beasts, 2 wolves, 6 hounds, 2 electric eels and an adder
skeleton.

Vanquished Creatures
  A two-headed ogre (D:9)
  The ghost of smeego the Slasher, a novice OpFi (D:4)
  A hornet (D:8)
  Grinder (D:6)
  A hippogriff (D:7)
  Sigmund (D:2)
  A human (D:7)
  4 hogs (D:7)
  2 hungry ghosts
  Grum (D:8)
  A water moccasin (D:7)
  A phantom (D:6)
  A sky beast (D:8)
  2 ice beasts
  An orc warrior (D:6)
  4 ogres
  4 wolves (D:8)
  The ghost of PopulousWildman the Shield-Bearer, an amateur OpFi (D:3)
  3 centaurs
  4 bullfrogs
  A big kobold (D:7)
  5 scorpions
  4 howler monkeys
  A crimson imp (D:5)
  A centaur zombie (D:5)
  7 hounds
  2 orc priests
  4 jellies
  4 orc wizards
  A bullfrog skeleton (D:5)
  A centaur skeleton (D:7)
  2 iguanas
  8 worker ants
  7 gnolls (D:8)
  7 adders
  2 oozes (D:5)
  An adder skeleton (D:7)
  A worm (D:4)
  A dart slug (D:1)
  5 leopard geckos
  9 orcs
  A ball python (D:3)
  4 bats
  2 giant cockroaches
  5 goblins
  4 hobgoblins
  3 jackals (D:5)
  7 quokkas
  4 frilled lizards
  2 jackal zombies
  9 kobolds
  3 leopard gecko skeletons
  A quokka zombie (D:6)
  A rat (D:3)
156 creatures vanquished.

Notes
Turn   | Place    | Note
-------+----------+-------------------------------------------
     0 | D:1      | pmoppi the Demonspawn Berserker began the quest for the Orb.
     0 | D:1      | Reached XP level 1. HP: 18/18 MP: 1/1
   195 | D:1      | Gained mutation: You are partially covered in sharp spines. [demonic ancestry]
   195 | D:1      | Reached XP level 2. HP: 18/24 MP: 2/2
  1096 | D:2      | Noticed Sigmund
  1105 | D:2      | Killed Sigmund
  1105 | D:2      | Reached XP level 3. HP: 30/30 MP: 3/3
  1105 | D:2      | Gained mutation: You have a pair of small horns on your head. [demonic ancestry]
  1105 | D:2      | Reached XP level 4. HP: 37/37 MP: 4/4
  1105 | D:2      | Gained mutation: You have a pair of horns on your head. [demonic ancestry]
  1105 | D:2      | Reached XP level 5. HP: 42/42 MP: 5/5
  1268 | D:3      | Noticed PopulousWildman's ghost (amateur OpFi)
  1277 | D:3      | Killed PopulousWildman's ghost
  1325 | D:3      | Found a bloodstained altar of Trog.
  1438 | D:3      | Gained mutation: Your movements are slightly less encumbered by armour. (ER -2) [demonic ancestry]
  1438 | D:3      | Reached XP level 6. HP: 42/48 MP: 4/6
  1865 | D:4      | Found a blossoming altar of Fedhas.
  1901 | D:4      | Reached ** piety under Trog
  1930 | D:4      | Reached skill level 1 in Shields
  2101 | D:4      | Noticed smeego's ghost (novice OpFi)
  2135 | D:4      | Killed smeego's ghost
  2135 | D:4      | Reached XP level 7. HP: 55/55 MP: 5/7
  2176 | D:4      | Found a staircase to the Ecumenical Temple.
  2243 | D:4      | Found a stormy altar of Qazlal.
  2482 | D:5      | Entered Level 5 of the Dungeon
  2557 | D:5      | Reached skill level 5 in Fighting
  2743 | D:5      | Gained mutation: When hurt, damage is shared between your health and your magic reserves. [demonic ancestry]
  2743 | D:5      | Reached XP level 8. HP: 58/62 MP: 5/8
  2930 | D:5      | Found a shimmering altar of Xom.
  2992 | D:6      | Reached skill level 5 in Long Blades
  3238 | D:6      | Noticed Grinder
  3252 | D:6      | Killed Grinder
  3252 | D:6      | Reached skill level 5 in Armour
  3252 | D:6      | Reached skill level 5 in Dodging
  3404 | D:6      | Reached XP level 9. HP: 69/69 MP: 9/9
  3501 | D:6      | Found an opulent altar of Gozag.
  3719 | D:7      | Found a deep blue altar of Sif Muna.
  3733 | D:7      | Found an opulent altar of Gozag.
  3756 | D:7      | Found an ancient bone altar of Kikubaaqudgha.
  3819 | D:7      | Found Worrokux's Food Boutique.
  4139 | D:7      | Found a shattered altar of Ashenzari.
  4146 | D:7      | Found a sacrificial altar of Ru.
  4149 | D:7      | Found an ornate altar of the Wu Jian Council.
  4150 | D:7      | Found a shadowy altar of Dithmenos.
  4151 | D:7      | Found a snail-covered altar of Cheibriados.
  4194 | D:7      | Reached skill level 5 in Shields
  4547 | D:8      | Gained mutation: You have a pair of large horns on your head. [demonic ancestry]
  4547 | D:8      | Reached XP level 10. HP: 79/79 MP: 7/10
  4552 | D:8      | Paralysed by a hornet for 3 turns
  4702 | D:8      | Noticed Grum
  4724 | D:8      | Killed Grum
  4918 | D:8      | Reached *** piety under Trog
  5287 | D:9      | Noticed a two-headed ogre
  5297 | D:9      | Killed a two-headed ogre
  5382 | D:9      | Found a staircase to the Orcish Mines.
  5418 | D:9      | Found a staircase to the Lair.
  5422 | D:9      | Killed from afar by an electric eel

Vault maps used:
D:1:      lemuel_arrival_behind_the_door_small
D:2:      kennysheep_nub, uniq_sigmund
D:3:      nicolae_overflow_hidden_temple
D:4:      grunt_qazlal_clouds, kennysheep_little_box, minmay_temple_entry_fiery,
          first_ration, bh_walls_and_bars
D:5:      tgw_xom
D:6:      grunt_gozag_breadcrumbs, uniq_grinder
D:7:      minitemple, kiku_gazebo_garden_becter, serial_shops, shop,
          grunt_livestock
D:8:      minivault_24, kennysheep_generic_room_9, uniq_grum
D:9:      erik_lair_island, orc_0_dummy, basic_altar, kennysheep_generic_room_12

Skill      XL: |  1  2  3  4  5  6  7  8  9 10 |
---------------+-------------------------------+-----
Armour         | 2 3 4 5 6 |  6.9
Dodging        | 2 3 4 5 6 |  6.9
Long Blades    | 3 4 5 6 7 |  7.2
Fighting       | 4 5 6 7 |  7.9
Shields        | 2 4 5 6 |  6.0

Action                   |  1- 3 |  4- 6 |  7- 9 | 10-12 || total
-------------------------+-------+-------+-------+-------++-------
Melee: Falchion          |    35 |    60 |   229 |    80 ||   404
       Headbutt          |       |     7 |    54 |    21 ||    82
Invok: Berserk           |     1 |     3 |     3 |     2 ||     9
       Trog's Hand       |       |     1 |    10 |     2 ||    13
  Use: Scroll            |       |     2 |     8 |       ||    10
  Eat: Chunk             |       |     3 |    12 |     7 ||    22
       Ration            |       |     1 |     2 |       ||     3
Armor: Animal skin       |     1 |       |       |       ||     1
       Leather armour    |     8 |       |       |       ||     8
       Ring mail         |     3 |     9 |       |       ||    12
       Plate armour      |       |    25 |   154 |    55 ||   234
Dodge: Dodged            |    25 |    53 |   119 |    46 ||   243
       Rpst.: Falchion   |     7 |    17 |    38 |     9 ||    71

Table legend:
 A = Spawn XP
 B = Non-spawn XP
 C = Spawn XP percentage of total XP
 D = Spawn monster count
 E = Non-spawn monster count
 F = Spawn count percentage of total count
 G = Total turns spent on level
                    A         B        C        D         E        F      G
               +---------+---------+-------+---------+---------+-------+---------
         Total |       0 |    8572 |   0.0 |       0 |     156 |   0.0 |  5422
               +---------+---------+-------+---------+---------+-------+---------
           D:1 |       0 |      17 |   0.0 |       0 |       8 |   0.0 |   612
           D:2 |       0 |     231 |   0.0 |       0 |       7 |   0.0 |   645
           D:3 |       0 |     149 |   0.0 |       0 |      16 |   0.0 |   517
           D:4 |       0 |     645 |   0.0 |       0 |      12 |   0.0 |   717
           D:5 |       0 |     705 |   0.0 |       0 |      23 |   0.0 |   498
           D:6 |       0 |    1245 |   0.0 |       0 |      18 |   0.0 |   730
           D:7 |       0 |    2376 |   0.0 |       0 |      32 |   0.0 |   812
           D:8 |       0 |    2060 |   0.0 |       0 |      34 |   0.0 |   711
           D:9 |       0 |    1144 |   0.0 |       0 |       6 |   0.0 |   180
               +---------+---------+-------+---------+---------+-------+---------
